| TOP OF THE 1ST |
|
Auburn Doubledays batting - Pitching for Eugene Emeralds : RHP Joshua Vincent
|
|
Pitching: RHP Joshua Vincent
|
|
|
Batting: RHB Leo Gutierrez
|
0-0: Ball 1-0: Ball 2-0: Ball 3-0: Base on Balls
|
|
Batting: LHB Vince McLane
|
0-0: Grounds into double play, 4-6-3 (Groundball, 4, EV 88.1 MPH)
|
|
Batting: LHB John Holst
|
0-0: Foul Ball, location: 2F 0-1: Ball 1-1: Ground out 1-3 (Groundball, 13, EV 69.4 MPH)
|
| Top of the 1st over - 0 runs, 0 hits, 0 errors, 0 left on base; Auburn 0 - Eugene 0 |
| BOTTOM OF THE 1ST |
|
Eugene Emeralds batting - Pitching for Auburn Doubledays : RHP Josh Wellman
|
|
Pitching: RHP Josh Wellman
|
|
|
Batting: RHB Du Kim
|
0-0: SINGLE (Groundball, 34D, EV 95.6 MPH)
|
|
Batting: RHB Ricky Ramirez
|
0-0: Called Strike 0-1: Ball 1-1: Swinging Strike 1-2: Ball 2-2: Strikes out swinging
|
|
Batting: LHB Emir Jalil
|
0-0: Ball Du Kim steals 2nd base (no throw) 1-0: Swinging Strike 1-1: Swinging Strike 1-2: Foul Ball, location: 2F 1-2: Strikes out swinging
|
|
Batting: RHB Mike Hill
|
0-0: Called Strike 0-1: Foul Ball, location: 2F 0-2: Ball 1-2: Strikes out swinging
|
| Bottom of the 1st over - 0 runs, 1 hit, 0 errors, 1 left on base; Auburn 0 - Eugene 0 |
| TOP OF THE 2ND |
|
Auburn Doubledays batting - Pitching for Eugene Emeralds : RHP Joshua Vincent
|
|
Batting: RHB Er Le
|
0-0: Ball 1-0: Ball 2-0: Ball 3-0: Base on Balls
|
|
Batting: LHB Elias Posada
|
0-0: Ball 1-0: Ball 2-0: Ball 3-0: Base on Balls Er Le to second
|
|
Batting: LHB Yasuo Igarashi
|
0-0: Hit by Pitch Er Le to third Elias Posada to second
|
|
Batting: LHB Adam Jacobs
|
0-0: Fielders Choice at 2nd, 4-6 (Groundball, 4D, EV 101.2 MPH) Er Le scores Elias Posada to third
|
|
Batting: RHB Jessie Fisher
|
0-0: Called Strike 0-1: Called Strike 0-2: Hit by Pitch Adam Jacobs to second
|
|
Batting: LHB Jim Weidman
|
Balk! Elias Posada scores Adam Jacobs to third Jessie Fisher to second 0-0: Swinging Strike 0-1: Ball 1-1: Called Strike 1-2: Strikes out swinging
|
|
Batting: RHB Leo Gutierrez
|
0-0: Ball 1-0: Foul Ball, location: 2F 1-1: Ball 2-1: Foul Ball, location: 2F 2-2: Ball 3-2: SINGLE (Groundball, 4S, EV 66.9 MPH) (infield hit) Adam Jacobs scores Jessie Fisher to third
|
|
Batting: LHB Vince McLane
|
0-0: Ball 1-0: Called Strike Leo Gutierrez steals 2nd base 1-1: Ground out 1-3 (Groundball, 15S, EV 70.0 MPH)
|
| Top of the 2nd over - 3 runs, 1 hit, 0 errors, 2 left on base; Auburn 3 - Eugene 0 |
| BOTTOM OF THE 2ND |
|
Eugene Emeralds batting - Pitching for Auburn Doubledays : RHP Josh Wellman
|
|
Batting: RHB Bill Holmes
|
0-0: Called Strike 0-1: DOUBLE (Flyball, 8LXD, EV 111.9 MPH)
|
|
Batting: RHB Adrian Cox
|
0-0: SINGLE (Groundball, 4MD, EV 96.9 MPH) Bill Holmes to third
|
|
Batting: RHB David Bousfield
|
0-0: Called Strike 0-1: Ball Adrian Cox steals 2nd base 1-1: Fly out, F4 (Popup, 34S, EV 80.0 MPH)
|
|
Batting: RHB Jorge Lagunas
|
0-0: Ground out 6-3 (Groundball, 6, EV 81.2 MPH) Bill Holmes scores Adrian Cox to third
|
|
Batting: RHB Dan Orozco
|
0-0: Ball 1-0: Ball 2-0: Foul Ball, location: 2F 2-1: Foul Ball, location: 2F 2-2: Ball 3-2: SINGLE (Groundball, 34D, EV 98.1 MPH) (infield hit) Adrian Cox scores
|
|
Batting: RHB Du Kim
|
0-0: Called Strike Dan Orozco steals 2nd base 0-1: Foul Ball, location: 2F 0-2: Foul Ball, location: 2F 0-2: Ground out 6-3 (Groundball, 6D, EV 104.4 MPH)
|
| Bottom of the 2nd over - 2 runs, 3 hits, 0 errors, 1 left on base; Auburn 3 - Eugene 2 |
| TOP OF THE 3RD |
|
Auburn Doubledays batting - Pitching for Eugene Emeralds : RHP Joshua Vincent
|
|
Batting: LHB John Holst
|
0-0: Called Strike 0-1: Called Strike 0-2: Ground out 4-3 (Groundball, 4, EV 79.4 MPH)
|
|
Batting: RHB Er Le
|
0-0: Called Strike 0-1: Called Strike 0-2: Fly out, F8 (Flyball, 89D, EV 96.2 MPH)
|
|
Batting: LHB Elias Posada
|
0-0: Ball 1-0: Swinging Strike 1-1: Ball 2-1: Foul Ball, location: 2F 2-2: Ball 3-2: Base on Balls
|
|
Batting: LHB Yasuo Igarashi
|
0-0: Ball Elias Posada steals 2nd base 1-0: Foul Ball, location: 2F 1-1: Foul Ball, location: 2F 1-2: Strikes out looking
|
| Top of the 3rd over - 0 runs, 0 hits, 0 errors, 1 left on base; Auburn 3 - Eugene 2 |
| BOTTOM OF THE 3RD |
|
Eugene Emeralds batting - Pitching for Auburn Doubledays : RHP Josh Wellman
|
|
Batting: RHB Ricky Ramirez
|
0-0: Ball 1-0: Called Strike 1-1: Fly out, F8 (Flyball, 8RM, EV 81.2 MPH)
|
|
Batting: LHB Emir Jalil
|
0-0: Foul Ball, location: 2F 0-1: Ball 1-1: Ground out 4-3 (Groundball, 34, EV 89.4 MPH)
|
|
Batting: RHB Mike Hill
|
0-0: Called Strike 0-1: Foul Ball, location: 2F 0-2: Ball 1-2: Foul Ball, location: 2F 1-2: Hit by Pitch
|
|
Batting: RHB Bill Holmes
|
0-0: Ball 1-0: Ground out U3 (Groundball, 3S, EV 88.1 MPH)
|
| Bottom of the 3rd over - 0 runs, 0 hits, 0 errors, 1 left on base; Auburn 3 - Eugene 2 |
| TOP OF THE 4TH |
|
Auburn Doubledays batting - Pitching for Eugene Emeralds : RHP Joshua Vincent
|
|
Batting: LHB Adam Jacobs
|
0-0: Fly out, F6 (Line Drive, 6, EV 63.1 MPH)
|
|
Batting: RHB Jessie Fisher
|
0-0: Ball 1-0: Foul Ball, location: 2F 1-1: Swinging Strike 1-2: Ball 2-2: Foul Ball, location: 2F 2-2: Foul Ball, location: 2F 2-2: Strikes out looking
|
|
Batting: LHB Jim Weidman
|
0-0: Fly out, F7 (Flyball, 7, EV 76.9 MPH)
|
| Top of the 4th over - 0 runs, 0 hits, 0 errors, 0 left on base; Auburn 3 - Eugene 2 |
| BOTTOM OF THE 4TH |
|
Eugene Emeralds batting - Pitching for Auburn Doubledays : RHP Josh Wellman
|
|
Batting: RHB Adrian Cox
|
0-0: Ball 1-0: DOUBLE (Line Drive, 9LS, EV 94.4 MPH)
|
|
Batting: RHB David Bousfield
|
0-0: Called Strike 0-1: Foul Ball, location: 2F 0-2: Fly out, F7 (Flyball, 78S, EV 93.1 MPH)
|
|
Batting: RHB Jorge Lagunas
|
0-0: Called Strike 0-1: Ball 1-1: Swinging Strike 1-2: Ball 2-2: Strikes out swinging
|
|
Batting: RHB Dan Orozco
|
0-0: Called Strike 0-1: Ground out U3 (Groundball, 34S, EV 83.1 MPH)
|
| Bottom of the 4th over - 0 runs, 1 hit, 0 errors, 1 left on base; Auburn 3 - Eugene 2 |
| TOP OF THE 5TH |
|
Auburn Doubledays batting - Pitching for Eugene Emeralds : RHP Joshua Vincent
|
|
Batting: RHB Leo Gutierrez
|
0-0: Ball 1-0: Ground out 5-3 (Groundball, 5, EV 78.1 MPH)
|
|
Batting: LHB Vince McLane
|
0-0: Ball 1-0: Swinging Strike 1-1: Called Strike 1-2: Strikes out swinging
|
|
Batting: LHB John Holst
|
0-0: Ball 1-0: Called Strike 1-1: Ground out 6-3 (Groundball, 6, EV 83.8 MPH)
|
| Top of the 5th over - 0 runs, 0 hits, 0 errors, 0 left on base; Auburn 3 - Eugene 2 |
| BOTTOM OF THE 5TH |
|
Eugene Emeralds batting - Pitching for Auburn Doubledays : RHP Josh Wellman
|
|
Batting: RHB Du Kim
|
0-0: Ball 1-0: Swinging Strike 1-1: Foul Ball, location: 2F 1-2: Strikes out swinging
|
|
Batting: RHB Ricky Ramirez
|
0-0: SINGLE (Groundball, 56D, EV 95.0 MPH)
|
|
Batting: LHB Emir Jalil
|
0-0: Swinging Strike 0-1: Ball 1-1: Called Strike 1-2: Ball Wild Pitch! Ricky Ramirez to second 2-2: Ball Passed Ball! Ricky Ramirez to third 3-2: Ground out 4-3 (Groundball, 4, EV 104.4 MPH)
|
|
Batting: RHB Mike Hill
|
0-0: Called Strike 0-1: Called Strike 0-2: Foul Ball, location: 2F 0-2: Foul Ball, location: 2F 0-2: Ball 1-2: Ball 2-2: Foul Ball, location: 2F 2-2: DOUBLE (Line Drive, 5D, EV 96.2 MPH) Ricky Ramirez scores
|
|
Batting: RHB Bill Holmes
|
0-0: Called Strike 0-1: Called Strike 0-2: Strikes out swinging
|
| Bottom of the 5th over - 1 run, 2 hits, 0 errors, 1 left on base; Auburn 3 - Eugene 3 |
| TOP OF THE 6TH |
|
Auburn Doubledays batting - Pitching for Eugene Emeralds : RHP Joshua Vincent
|
|
Batting: RHB Er Le
|
0-0: Ball 1-0: Called Strike 1-1: Ground out 6-3 (Groundball, 6, EV 77.5 MPH)
|
|
Batting: LHB Elias Posada
|
0-0: Ball 1-0: Ground out 4-3 (Groundball, 4, EV 87.5 MPH)
|
|
Batting: LHB Yasuo Igarashi
|
0-0: Ball 1-0: Ball 2-0: Swinging Strike 2-1: Foul Ball, location: 2F 2-2: Foul Ball, location: 2F 2-2: Strikes out swinging
|
| Top of the 6th over - 0 runs, 0 hits, 0 errors, 0 left on base; Auburn 3 - Eugene 3 |
| BOTTOM OF THE 6TH |
|
Eugene Emeralds batting - Pitching for Auburn Doubledays : RHP Josh Wellman
|
|
Batting: RHB Adrian Cox
|
0-0: Foul Ball, location: 2F 0-1: Ball 1-1: Ground out U3 (Groundball, 3L, EV 82.5 MPH)
|
|
Pitching: RHP Steve Barnes
|
|
|
Batting: RHB David Bousfield
|
0-0: Ball 1-0: Called Strike 1-1: Swinging Strike 1-2: Foul Ball, location: 2F 1-2: Ball 2-2: Foul Ball, location: 2F 2-2: Strikes out swinging
|
|
Batting: RHB Jorge Lagunas
|
0-0: DOUBLE (Groundball, 5L, EV 104.4 MPH)
|
|
Batting: RHB Dan Orozco
|
0-0: Ball 1-0: Ball 2-0: SINGLE (Line Drive, 56, EV 97.5 MPH) Jorge Lagunas to third Runner from 3rd tries for Home, SAFE, throw by LF to home Dan Orozco to second
|
|
Batting: RHB Du Kim
|
0-0: Called Strike 0-1: SINGLE (Groundball, 25, EV 68.8 MPH) (infield hit) Dan Orozco to third
|
|
Batting: RHB Ricky Ramirez
|
0-0: Called Strike 0-1: Foul Ball, location: 2F 0-2: Ball 1-2: Fielders Choice at 2nd, 6-4 (Groundball, 56D, EV 90.0 MPH)
|
| Bottom of the 6th over - 1 run, 3 hits, 0 errors, 2 left on base; Auburn 3 - Eugene 4 |
| TOP OF THE 7TH |
|
Auburn Doubledays batting - Pitching for Eugene Emeralds : RHP Joshua Vincent
|
|
Batting: LHB Adam Jacobs
|
0-0: Ball 1-0: Ground out 6-3 (Groundball, 6, EV 105.0 MPH)
|
|
Pitching: LHP Jose Gutierres
|
|
|
Batting: RHB Jessie Fisher
|
0-0: Called Strike 0-1: Foul Ball, location: 2F 0-2: Strikes out swinging
|
|
Batting: LHB Jim Weidman
|
0-0: Ball 1-0: Called Strike 1-1: Ball 2-1: Swinging Strike 2-2: Strikes out swinging
|
| Top of the 7th over - 0 runs, 0 hits, 0 errors, 0 left on base; Auburn 3 - Eugene 4 |
| BOTTOM OF THE 7TH |
|
Eugene Emeralds batting - Pitching for Auburn Doubledays : RHP Steve Barnes
|
|
Batting: LHB Emir Jalil
|
0-0: Ball 1-0: DOUBLE (Flyball, 78XD, EV 102.5 MPH)
|
|
Batting: RHB Mike Hill
|
0-0: Ball 1-0: DOUBLE (Groundball, 5L, EV 110.0 MPH) Emir Jalil scores
|
|
Batting: RHB Bill Holmes
|
0-0: Hit by Pitch
|
|
Batting: RHB Adrian Cox
|
0-0: Sac Bunt to 15S - play at first, batter OUT! 1-3 Mike Hill to third Bill Holmes to second
|
|
Batting: RHB David Bousfield
|
0-0: Ball 1-0: Ball 2-0: Ball 3-0: Called Strike 3-1: Base on Balls
|
|
Batting: RHB Jorge Lagunas
|
0-0: Ball Wild Pitch! Mike Hill scores Bill Holmes to third David Bousfield to second 1-0: Ball 2-0: Swinging Strike 2-1: Ball 3-1: SINGLE (Line Drive, 6M, EV 96.2 MPH) Bill Holmes scores David Bousfield to third
|
|
Pitching: RHP Brent Wainwright
|
|
|
Batting: RHB Dan Orozco
|
0-0: Fielders Choice at 2nd, 4-6 (Groundball, 4M, EV 85.0 MPH) David Bousfield scores
|
|
Batting: RHB Du Kim
|
0-0: Fly out, F9 (Flyball, 9D, EV 101.2 MPH)
|
| Bottom of the 7th over - 4 runs, 3 hits, 0 errors, 1 left on base; Auburn 3 - Eugene 8 |
| TOP OF THE 8TH |
|
Auburn Doubledays batting - Pitching for Eugene Emeralds : LHP Jose Gutierres
|
|
Batting: RHB Leo Gutierrez
|
0-0: Ball 1-0: Ball 2-0: SINGLE (Groundball, 3S, EV 69.4 MPH) (infield hit)
|
|
Batting: LHB Vince McLane
|
0-0: Grounds into double play, 4-6-3 (Groundball, 4, EV 85.6 MPH)
|
|
Batting: LHB John Holst
|
0-0: Ball 1-0: Ball 2-0: Ball 3-0: Base on Balls
|
|
Batting: RHB Er Le
|
0-0: Ball 1-0: Called Strike 1-1: Ball 2-1: Foul Ball, location: 2F 2-2: Ball 3-2: Strikes out swinging
|
| Top of the 8th over - 0 runs, 1 hit, 0 errors, 1 left on base; Auburn 3 - Eugene 8 |
| BOTTOM OF THE 8TH |
|
Eugene Emeralds batting - Pitching for Auburn Doubledays : RHP Brent Wainwright
|
|
Batting: RHB Ricky Ramirez
|
0-0: Ball 1-0: Foul Ball, location: 2F 1-1: Fly out, F2 (Popup, 2R, EV 91.9 MPH)
|
|
Batting: LHB Emir Jalil
|
0-0: Fly out, F9 (Flyball, 9, EV 87.5 MPH)
|
|
Batting: RHB Mike Hill
|
0-0: Ball 1-0: Swinging Strike 1-1: Ball 2-1: Ball 3-1: Fly out, F9 (Flyball, 89M, EV 92.5 MPH)
|
| Bottom of the 8th over - 0 runs, 0 hits, 0 errors, 0 left on base; Auburn 3 - Eugene 8 |
| TOP OF THE 9TH |
|
Auburn Doubledays batting - Pitching for Eugene Emeralds : LHP Jose Gutierres
|
|
Batting: LHB Elias Posada
|
0-0: Called Strike 0-1: Ball 1-1: Ball 2-1: Swinging Strike 2-2: Ball 3-2: Ground out U3 (Groundball, 3, EV 80.0 MPH)
|
|
Batting: LHB Yasuo Igarashi
|
0-0: Ball 1-0: Ball 2-0: Ball 3-0: Called Strike 3-1: Foul Ball, location: 2F 3-2: Base on Balls
|
|
Batting: LHB Adam Jacobs
|
0-0: Called Strike 0-1: Foul Ball, location: 2F 0-2: Foul Ball, location: 2F 0-2: Fly out, F9 (Flyball, 9D, EV 86.9 MPH)
|
|
Batting: RHB Jessie Fisher
|
0-0: Ball 1-0: Ball 2-0: Ball 3-0: Foul Ball, location: 2F 3-1: Called Strike 3-2: Base on Balls Yasuo Igarashi to second
|
|
Pinch Hitting: RHB Steve Bauman
|
0-0: SINGLE (Groundball, 6MD, EV 93.8 MPH) Yasuo Igarashi to third Jessie Fisher to second
|
|
Batting: RHB Leo Gutierrez
|
0-0: Called Strike 0-1: Ball 1-1: Ball 2-1: Swinging Strike 2-2: Foul Ball, location: 2F 2-2: Ground out 4-3 (Groundball, 34D, EV 104.4 MPH)
|
| Top of the 9th over - 0 runs, 1 hit, 0 errors, 3 left on base; Auburn 3 - Eugene 8 |
|